 Dungeon Crawl Stone Soup version 0.29.0-4-gdea44cf6ec (webtiles) character file.

Game seed: 2637261281717162036

826 qw the Chopper (level 7, -3/43 HPs)
             Began as a Gargoyle Fighter on Sept 6, 2022.
             Slain by a gnoll
             ... wielding a +0 whip
              (5 damage)
             ... while paralysed by Grinder
             ... on level 5 of the Dungeon.
             The game lasted 00:02:11 (5607 turns).

qw the Chopper (Gargoyle Fighter)                   Turns: 5607, Time: 00:02:11

Health: -3/43      AC: 18    Str: 22    XL:     7   Next: 96%
Magic:  7/7        EV:  2    Int:  8    God:
Gold:   238        SH:  0    Dex:  9    Spells: 6/6 levels left

rFire   . . .      SeeInvis .   Y - +1 war axe
rCold   . . .      Faith    .   i - +2 kite shield
rNeg    + . .      Spirit   .   a - +0 chain mail
rPois   inf        Reflect  .   b - +1 helmet
rElec   +          Harm     .   (no cloak)
rCorr   +          Rampage  .   f - +0 pair of gloves
Will    .....                   j - +0 pair of boots
Stlth   ..........              (no amulet)
HPRegen 0.14/turn               g - ring of resist corrosion
MPRegen 0.10/turn               (no ring)

@: paralysed
A: sickness immunity, AC +4, negative energy resistance 1, electricity
resistance, torment resistance 1, petrification resistance
a: no special abilities


You were on level 5 of the Dungeon.
You visited 1 branch of the dungeon, and saw 5 of its levels.

You collected 238 gold pieces.


Innate Abilities, Weirdness & Mutations

You are immune to sickness and miasma.
Your stone body is resilient. (AC +4)
You are immune to poison.
You resist negative energy. (rN+)
You are resistant to electric shocks. (rElec)
You are resistant to unholy torment.
You are immune to petrification.


   Skills:
 - Level 4.0 Fighting
 + Level 6.1 Axes
 - Level 3.2 Armour
 - Level 1.8 Dodging
 - Level 6.0 Shields


You had 6 spell levels left.
You didn't know any spells.
Your spell library was empty.

Inventory:

Hand Weapons
 n - a +0 morningstar
 Y - a +1 war axe (weapon)
Armour
 a - a +0 chain mail (worn)
 b - a +1 helmet (worn)
 f - a +0 pair of gloves (worn)
 i - a +2 kite shield (worn)
 j - a +0 pair of boots (worn)
Jewellery
 g - a ring of resist corrosion (left hand)
Scrolls
 e - 3 scrolls of identify
Potions
 d - a potion of might
 h - 3 potions of curing
 k - 2 potions of lignification
 l - a potion of heal wounds

Dungeon Overview and Level Annotations

Branches:
Dungeon (5/15)
 Temple: D:4-7

Altars:
Gozag
Kikubaaqudgha
Ru
Sif Muna
Uskayaw
Xom

Annotations:
D:5 Grinder


Message History

You hear a shout!
The gnoll shoots a bolt.
The bolt closely misses you.
Grinder comes into view.
Grinder shouts!
The gnoll shoots a bolt.
You block the bolt.
An ogre comes into view. It is wielding a +0 giant club.
The ogre shouts!
The gnoll shoots a bolt.
You block the bolt. Grinder gestures at you.
You struggle to resist.
The gnoll shoots a bolt.
The bolt hits you but does no damage.
The gnoll unwields a +0 arbalest.
The gnoll wields a +0 whip.
The gnoll hits you but does no damage.
Grinder says, "DUCK!"
You closely miss Grinder. You slash the gnoll! You block Grinder's attack.
You block the gnoll's attack.
You hit the gnoll.
The gnoll is almost dead.
You barely miss the ogre. You slash Grinder! Grinder hits you.
You writhe in agony.
The ogre hits you with a +0 giant club! The gnoll hits you but does no damage.
Grinder says, "Just stop there for a second..."
Grinder hits you but does no damage.
You closely miss the gnoll.
The gnoll is almost dead.
You hit the ogre. You barely miss Grinder. The gnoll hits you with a +0 whip.
The ogre barely misses you. Grinder hits you but does no damage.
You block the gnoll's attack.
You closely miss the gnoll.
The gnoll is almost dead.
You slash the ogre! You closely miss Grinder. The ogre barely misses you.
Grinder gestures at you.
You suddenly lose the ability to move!
The gnoll hits you with a +0 whip. Grinder hits you.
The gnoll hits you with a +0 whip. The ogre hits you but does no damage.
Grinder hits you but does no damage. The gnoll completely misses you.
Grinder hits you but does no damage. The ogre hits you with a +0 giant club!
The gnoll hits you with a +0 whip.
You die...

........# #......
......... #.....
......... .....
........## ...
.........# #.####
.........###....#####
......O..!...........
......5@.....<%......
8.~...g.>....).......
..~.####.............
.~~ #............. .
#.............
#....######### #....#
#....#


You could see Grinder, an ogre and a gnoll.

Vanquished Creatures
  A water moccasin (D:5)
  2 ogres (D:4)
  A necrophage (D:4)
  A scorpion (D:4)
  An orc priest (D:4)
  A hound (D:4)
  A jelly (D:3)
  Natasha (thrice) (D:4)
  Terence (D:2)
  An iguana (D:4)
  Robin (D:3)
  A gnoll (D:5)
  8 adders
  A worm (D:3)
  2 dart slugs
  6 orcs
  8 endoplasms
  17 goblins
  10 hobgoblins
  10 jackals
  9 kobolds
  4 quokkas
  11 ball pythons
  7 bats
  8 frilled lizards
  2 rats
118 creatures vanquished.

Notes
Turn   | Place    | Note
-------+----------+-------------------------------------------
     0 | D:1      | qw the Gargoyle Fighter began the quest for the Orb.
     0 | D:1      | Reached XP level 1. HP: 14/14 MP: 1/1
     0 | D:1      | 0 ||| qw: Version: 0.1-a-108-g9e35731
     0 | D:1      | 0 ||| qw: Game counter: 6342
     0 | D:1      | 0 ||| qw: Always use a shield: true
     0 | D:1      | 0 ||| qw: God list: Okawaru
     0 | D:1      | 0 ||| qw: Allow faded altars: false
     0 | D:1      | 0 ||| qw: Do Orc after D:15 true
     0 | D:1      | 0 ||| qw: Do second Lair branch before Depths: true
     0 | D:1      | 0 ||| qw: Lair rune preference: random
     0 | D:1      | 0 ||| qw: Plans: Normal, Zot, God:TSO, Crypt, Tomb, Zig,
                  | Orb
     0 | D:1      | 0 ||| PLANNING D:1-11
   119 | D:1      | Reached XP level 2. HP: 17/19 MP: 2/2
   396 | D:1      | Reached skill level 3 in Axes
   403 | D:1      | Found a faded altar of an unknown god.
   491 | D:1      | Reached XP level 3. HP: 21/23 MP: 3/3
  1297 | D:1      | 1297 ||| UPGRADING to +0 pair of boots.
  1302 | D:1      | 1302 ||| READING scroll labelled LIAGGI QEMAGOF.
  1303 | D:1      | 1303 ||| READING scroll labelled ENORAHEUNEL.
  1304 | D:1      | 1304 ||| DRINKING 2 yellow potions.
  1469 | D:2      | 1469 ||| Stepping ~*~*~tactically~*~*~ (hiding).
  1586 | D:2      | Noticed Terence
  1589 | D:2      | 1589 ||| Stepping ~*~*~tactically~*~*~ (stealth).
  1602 | D:2      | HP: 5/23 [Terence/+0 short sword (2)]
  1603 | D:2      | 1603 ||| DRINKING potion of heal wounds.
  1608 | D:2      | Killed Terence
  1609 | D:2      | Reached XP level 4. HP: 28/28 MP: 4/4
  1637 | D:2      | Found a sacrificial altar of Ru.
  2248 | D:2      | 2248 ||| UPGRADING to +0 chain mail.
  2258 | D:2      | 2258 ||| DROPPING +0 scale mail.
  2259 | D:2      | 2259 ||| READING scroll labelled LIGEVA QOYSIWO.
  2260 | D:2      | 2260 ||| READING scroll labelled DEXZILA FAQO.
  2261 | D:2      | 2261 ||| READING scroll labelled GUQATO LAVUDWY.
  2316 | D:2      | 2316 ||| DRINKING 2 bubbling blue potions.
  2570 | D:3      | 2570 ||| Stepping ~*~*~tactically~*~*~ (stealth).
  2576 | D:3      | Reached XP level 5. HP: 31/32 MP: 5/5
  2598 | D:3      | 2598 ||| Stepping ~*~*~tactically~*~*~ (stealth).
  2599 | D:3      | 2599 ||| Stepping ~*~*~tactically~*~*~ (stealth).
  2601 | D:3      | 2601 ||| Stepping ~*~*~tactically~*~*~ (stealth).
  2926 | D:3      | 2926 ||| Stepping ~*~*~tactically~*~*~ (stealth).
  2926 | D:3      | Found an opulent altar of Gozag.
  2928 | D:3      | 2928 ||| Stepping ~*~*~tactically~*~*~ (stealth).
  2993 | D:3      | 2993 ||| Stepping ~*~*~tactically~*~*~ (stealth).
  3026 | D:3      | Found a shimmering altar of Xom.
  3026 | D:3      | Found an ancient bone altar of Kikubaaqudgha.
  3027 | D:3      | Found a shimmering blue altar of Sif Muna.
  3133 | D:3      | 3133 ||| DROPPING +4 hand axe.
  3342 | D:3      | Found a hide-covered altar of Uskayaw.
  3468 | D:3      | Noticed Robin
  3469 | D:3      | 3469 ||| Stepping ~*~*~tactically~*~*~ (stealth).
  3492 | D:3      | 3492 ||| Stepping ~*~*~tactically~*~*~ (stealth).
  3549 | D:3      | 3549 ||| Stepping ~*~*~tactically~*~*~ (stealth).
  3619 | D:3      | 3619 ||| Stepping ~*~*~tactically~*~*~ (hiding).
  3624 | D:3      | Killed Robin
  3625 | D:3      | Reached XP level 6. HP: 38/38 MP: 6/6
  3738 | D:3      | 3738 ||| UPGRADING to +1 helmet.
  3743 | D:3      | 3743 ||| UPGRADING to +0 pair of gloves.
  3748 | D:3      | 3748 ||| UPGRADING to +2 kite shield.
  3758 | D:3      | 3758 ||| DROPPING +0 buckler.
  3759 | D:3      | 3759 ||| READING 4 scrolls of identify.
  3759 | D:3      | 3759 ||| IDENTIFYING lumpy silvery potion
  4213 | D:4      | 4213 ||| DROPPING +1 mace of draining.
  4366 | D:4      | 4366 ||| Stepping ~*~*~tactically~*~*~ (stealth).
  4396 | D:4      | 4396 ||| FLEEEEING.
  4397 | D:4      | 4397 ||| FLEEEEING.
  4398 | D:4      | 4398 ||| STAIRDANCE
  4567 | D:3      | 4567 ||| UPGRADING to ring of resist corrosion.
  4568 | D:3      | 4568 ||| DROPPING ring of wizardry.
  4569 | D:3      | 4569 ||| READING 3 scrolls of identify.
  4569 | D:3      | 4569 ||| IDENTIFYING bubbling amethyst potion
  4570 | D:3      | 4570 ||| DROPPING potion of magic.
  4591 | D:4      | 4591 ||| Stepping ~*~*~tactically~*~*~ (stealth).
  4600 | D:4      | 4600 ||| Stepping ~*~*~tactically~*~*~ (hiding).
  4613 | D:4      | Reached XP level 7. HP: 40/43 MP: 7/7
  4696 | D:4      | Noticed Natasha
  4697 | D:4      | 4697 ||| Stepping ~*~*~tactically~*~*~ (hiding).
  4718 | D:4      | Killed Natasha
  5178 | D:4      | Noticed Natasha
  5184 | D:4      | Killed Natasha
  5214 | D:4      | 5214 ||| READING scroll labelled SATHAMEKIRA.
  5252 | D:5      | Entered Level 5 of the Dungeon
  5253 | D:5      | 5253 ||| STAIRDANCE
  5287 | D:4      | Noticed Natasha
  5294 | D:4      | Killed Natasha
  5347 | D:5      | 5347 ||| STAIRDANCE
  5354 | D:4      | Reached skill level 6 in Axes
  5376 | D:5      | 5376 ||| STAIRDANCE
  5409 | D:5      | 5409 ||| STAIRDANCE
  5470 | D:5      | Reached skill level 6 in Shields
  5471 | D:5      | Reached skill level 1 in Dodging
  5471 | D:5      | 5471 ||| STAIRDANCE
  5597 | D:5      | Noticed Grinder
  5604 | D:5      | Paralysed by Grinder for 4 turns
  5607 | D:5      | HP: 2/43 [ogre/+0 giant club (11)]
  5607 | D:5      | Slain by a gnoll

Levels and vault maps discovered:
D:1:      dpeg_arrival_simpleton_b, layout_basic,
          nicolae_ecumenical_lake_church, grunt_decor_fettered,
          serial_bayou_pond_b, minmay_misc_feat_iff
D:2:      layout_loops_cross, basic_altar, minmay_misc_feat_plants,
          chequers_big_river, uniq_terence
D:3:      layout_loops_ring, grunt_temple_overflow_open,
          nicolae_uskayaw_suspiria, mainiacjoe_overflow_paths, minivault_5,
          dreamdust_princess_bridge, minmay_fractal_squares_diagonal_5,
          uniq_robin
D:4:      layout_basic, uniq_natasha
D:5:      layout_basic, mainiacjoe_overflow_catwalk, uniq_grinder

Skill      XL: |  1  2  3  4  5  6  7 |
---------------+----------------------+-----
Axes           | 2 3 4 5 6 |  6.1
Fighting       | 4 |  4.0
Shields        | 5 6 |  6.0
Dodging        | 1 |  1.8
Armour         | |  3.2

Action                   |  1- 3 |  4- 6 |  7- 9 || total
-------------------------+-------+-------+-------++-------
Melee: War axe           |   116 |   180 |    59 ||   355
  Use: Scroll            |     2 |     5 |     1 ||     8
       Potion            |     2 |     1 |       ||     3
Armor: Scale mail        |    57 |    11 |       ||    68
       Chain mail        |       |    94 |    44 ||   138
Dodge: Dodged            |    47 |    52 |    22 ||   121
Block: Buckler           |    20 |    20 |       ||    40
       Kite shield       |       |    26 |    31 ||    57

Table legend:
 A = Non-vault XP
 B = Vault XP
 C = Vault XP percentage of total XP
 D = Non-vault monster count
 E = Vault monster count
 F = Vault count percentage of total count
                 A         B        C        D         E       F
            +---------+---------+-------+---------+---------+-------
      Total |    1012 |     168 |  14.2 |      90 |      28 |  23.7
            +---------+---------+-------+---------+---------+-------
        D:1 |      48 |       5 |   9.4 |      30 |       3 |   9.1
        D:2 |      53 |      36 |  40.4 |      16 |       1 |   5.9
        D:3 |      91 |      91 |  50.0 |      16 |      23 |  59.0
        D:4 |     648 |      36 |   5.3 |      26 |       1 |   3.7
        D:5 |     172 |       0 |   0.0 |       2 |       0 |   0.0
            +---------+---------+-------+---------+---------+-------
